 Dungeon Crawl Stone Soup version 0.31.0-11-ge490571c62 (webtiles) character file.

Game seed: 16911726299221037393

49 qw the Shooter (level 3, -2/20 HPs)
             Began as a Deep Elf Hunter on Feb 4, 2024.
             Killed from afar by an orc wizard (9 damage)
             ... with a puff of flame
             ... on level 2 of the Dungeon.
             The game lasted 00:00:06 (1525 turns).

qw the Shooter (Deep Elf Hunter)                    Turns: 1525, Time: 00:00:07

Health: -2/20      AC:  5    Str:  8 (10) XL:     3   Next: 53%
Magic:  5/5        EV: 10    Int: 10 (13) God:
Gold:   54         SH:  0    Dex: 17 (18) Spells: 2/2 levels left

rFire   . . .        a - +0 shortbow
rCold   . . .        (shield currently unavailable)
rNeg    . . .        d - +0 ring mail
rPois   .            (no helmet)
rElec   .            (no cloak)
rCorr   .            (no gloves)
SInv    .            (no boots)
Will    +....        (no amulet)
Stlth   +            b - ring of willpower
HPRegen 0.23/turn    (no ring)
MPRegen 0.09/turn

%: no passive effects
@: no status effects
A: no striking features
a: no special abilities


You were on level 2 of the Dungeon.
You visited 1 branch of the dungeon, and saw 3 of its levels.

You collected 54 gold pieces.


   Skills:
 - Level 1.5 Fighting
 + Level 7.1 Ranged Weapons
 - Level 2.4 Dodging
 - Level 1.2 Stealth


You had 2 spell levels left.
You didn't know any spells.
Your spell library was empty.

Inventory:

Hand Weapons
 a - a +0 shortbow (weapon)
Armour
 d - a +0 ring mail (worn)
Jewellery
 b - a ring of willpower (left hand)
Potions
 h - a potion of might

Dungeon Overview and Level Annotations

Branches:
Dungeon (3/15)

Altars:
Hepliaklqana

Shops:
D:1 :   D:2 [**(


Message History

The magic dart hits you.
1457 ||| FLEEEEING.
1458 ||| FLEEEEING.
You shoot an arrow. Something hits you but does no damage.
1460 ||| FLEEEEING.
1461 ||| FLEEEEING.
Something hits you but does no damage.
1462 ||| FLEEEEING.
1463 ||| FLEEEEING.
A magic dart appears from out of thin air!
The magic dart hits you.
There is a stone staircase leading up here.
1464 ||| STAIRDANCE You climb upwards.
Reactivating autopickup.
There is a stone staircase leading down here.
You start resting.
HP restored.
You climb downwards.
There is a stone staircase leading up here.
1520 ||| STAIRDANCE The orc wizard hits you but does no damage.
You climb upwards.
There is a stone staircase leading down here.
You shoot an arrow.
The arrow closely misses the orc wizard.
The orc wizard hits you with a +1 dagger of holy wrath.
You shoot an arrow. The arrow hits the orc wizard.
The orc wizard is lightly wounded.
The orc wizard gestures at you while chanting.
The puff of flame hits you!
The orc wizard hits you but does no damage.
You shoot an arrow. The arrow hits the orc wizard!
The orc wizard is heavily wounded.
The orc wizard closely misses you.
You shoot an arrow. The arrow barely misses the orc wizard.
The orc wizard gestures at you while chanting.
The puff of flame hits you!
You die...

..+................#.............
..########'###.....##.....######.
..# #####..........##.....# #.
..###).............#......# #.
...\...........#+#........# #.
.~......_......#...######## #.
.~.............#..## #.
\~................# #.
~~......#...##.o@## ####### #.
........######^### #.....# #.
........'[.....# #.....######.
........#####..######.....'......
........#..........##.....#######
........#..........##.....#
####'####..........##.....# #.#
#..........##.....# #.#
#........\.##.....#


You could see an orc wizard.

Vanquished Creatures
  An adder (D:2)
  A dart slug (D:1)
  3 orcs (D:3)
  An endoplasm (D:1)
  2 giant cockroaches (D:2)
  4 goblins
  6 hobgoblins
  3 kobolds (D:2)
  2 quokkas
  2 ball pythons
  A bat (D:2)
  2 frilled lizards
  3 rats
31 creatures vanquished.

Notes
Turn   | Place    | Note
-------+----------+-------------------------------------------
     0 | D:1      | qw the Deep Elf Hunter began the quest for the Orb.
     0 | D:1      | Reached XP level 1. HP: 12/12 MP: 3/3
     0 | D:1      | 0 ||| qw: Version: 0.3-a-160-g6735b56
     0 | D:1      | 0 ||| qw: Game counter: 5737
     0 | D:1      | 0 ||| qw: Melee chars always use a shield: true
     0 | D:1      | 0 ||| qw: God list: Okawaru
     0 | D:1      | 0 ||| qw: Allow faded altars: false
     0 | D:1      | 0 ||| qw: Do Orc after clearing Dungeon:15 true
     0 | D:1      | 0 ||| qw: Do second Lair branch before Depths: true
     0 | D:1      | 0 ||| qw: Lair rune preference: random
     0 | D:1      | 0 ||| qw: Goals: Normal
     0 | D:1      | 0 ||| PLANNING D:1-11
   353 | D:1      | Reached skill level 6 in Ranged Weapons
   353 | D:1      | Reached XP level 2. HP: 16/16 MP: 4/4
   714 | D:1      | 714 ||| UPGRADING to +0 ring mail.
   724 | D:1      | 724 ||| DROPPING +0 leather armour.
   725 | D:1      | 725 ||| READING scroll labelled YDYEZASTEA.
   726 | D:1      | 726 ||| READING scroll labelled NIVEICYUSM.
   727 | D:1      | 727 ||| READING scroll labelled KETUPR KEOGINASM.
   727 | D:1      | 727 ||| IDENTIFYING viscous green potion
   728 | D:1      | 728 ||| READING scroll labelled AXIFACH CYUS.
   729 | D:1      | 729 ||| DROPPING scroll of butterflies.
   860 | D:2      | Found Rixudit's Antique Armour Boutique.
   861 | D:2      | Found Juriusiro's Assorted Antiques.
   875 | D:2      | 875 ||| SHOPLISTING embroidered scarf (232 gold, have 9).
   875 | D:2      | 875 ||| SHOPLISTING glowing ring mail (203 gold, have 9).
   875 | D:2      | 875 ||| SHOPLISTING pair of embroidered boots (217 gold,
                  | have 9).
   877 | D:2      | Found a hazy altar of Hepliaklqana.
   880 | D:2      | 880 ||| SHOPLISTING 2 potions of might (232 gold, have 9).
   880 | D:2      | 880 ||| SHOPLISTING golden potion (26 gold, have 9).
   880 | D:2      | 880 ||| SHOPLISTING green potion (26 gold, have 9).
   880 | D:2      | 880 ||| SHOPLISTING ruby potion (26 gold, have 9).
   880 | D:2      | 880 ||| SHOPLISTING scroll labelled ZOAQYA MUUFF (29 gold,
                  | have 9).
   880 | D:2      | 880 ||| SHOPLISTING scroll of identify (58 gold, have 9).
   905 | D:2      | Found Teyluece's General Store.
   941 | D:2      | 941 ||| SHOPLISTING potion of heal wounds (65 gold, have
                  | 17).
   941 | D:2      | 941 ||| SHOPLISTING scroll of enchant armour (97 gold, have
                  | 17).
   941 | D:2      | 941 ||| SHOPLISTING scroll of identify (26 gold, have 17).
  1010 | D:2      | Reached XP level 3. HP: 20/20 MP: 5/5
  1033 | D:2      | Found a faded altar of an unknown god.
  1189 | D:2      | Found Idghenupn's Antique Weapon Shop.
  1292 | D:2      | 1292 ||| UPGRADING to ring of willpower.
  1293 | D:2      | 1293 ||| READING scroll labelled UDWOMN TIFOIF.
  1294 | D:2      | 1294 ||| DRINKING 2 green potions.
  1295 | D:2      | 1295 ||| DROPPING potion of degeneration.
  1297 | D:2      | 1297 ||| Stepping ~*~*~tactically~*~*~ (cloud).
  1304 | D:2      | HP: 5/20 [poisoned by you (poison gas)]
  1424 | D:3      | 1424 ||| RETREEEEATING.
  1426 | D:3      | 1426 ||| RETREEEEATING.
  1428 | D:3      | 1428 ||| RETREEEEATING.
  1431 | D:3      | Reached skill level 7 in Ranged Weapons
  1431 | D:3      | 1431 ||| FLEEEEING.
  1432 | D:3      | 1432 ||| FLEEEEING.
  1433 | D:3      | 1433 ||| FLEEEEING.
  1434 | D:3      | 1434 ||| FLEEEEING.
  1435 | D:3      | 1435 ||| FLEEEEING.
  1436 | D:3      | 1436 ||| FLEEEEING.
  1437 | D:3      | 1437 ||| FLEEEEING.
  1438 | D:3      | 1438 ||| FLEEEEING.
  1439 | D:3      | 1439 ||| FLEEEEING.
  1440 | D:3      | 1440 ||| FLEEEEING.
  1441 | D:3      | 1441 ||| FLEEEEING.
  1448 | D:3      | 1448 ||| FLEEEEING.
  1450 | D:3      | 1450 ||| FLEEEEING.
  1451 | D:3      | 1451 ||| FLEEEEING.
  1452 | D:3      | 1452 ||| FLEEEEING.
  1453 | D:3      | 1453 ||| FLEEEEING.
  1455 | D:3      | 1455 ||| FLEEEEING.
  1456 | D:3      | 1456 ||| FLEEEEING.
  1457 | D:3      | 1457 ||| FLEEEEING.
  1458 | D:3      | 1458 ||| FLEEEEING.
  1460 | D:3      | 1460 ||| FLEEEEING.
  1461 | D:3      | 1461 ||| FLEEEEING.
  1462 | D:3      | 1462 ||| FLEEEEING.
  1463 | D:3      | 1463 ||| FLEEEEING.
  1464 | D:3      | 1464 ||| STAIRDANCE
  1520 | D:3      | 1520 ||| STAIRDANCE
  1525 | D:2      | Killed from afar by an orc wizard

Levels and vault maps discovered:
D:1:      lightli_arrival_boilingwater, layout_loops_ring, serial_forest,
          infiniplex_forest_lined_corner, infiniplex_forest_lined_4_way,
          infiniplex_forest_straight_4, infiniplex_forest_split,
          infiniplex_forest_lined_2, infiniplex_forest_diagonal,
          infiniplex_forest_straight_2, infiniplex_forest_straight_5,
          infiniplex_forest_corner_1, serial_shops, nicolae_shop_crystal
D:2:      layout_basic, serial_shops, shop, nicolae_shop_peninsula, shop,
          nicolae_shop_window_shopping, basic_altar, basic_ecumenical_altar
D:3:      layout_basic, minmay_rat_hole

Skill      XL: |  1  2  3 |
---------------+----------+-----
Ranged Weapons | 6 7 |  7.1
Fighting       | |  1.5
Dodging        | |  2.4
Stealth        | |  1.2

Action                     || total
---------------------------++-------
   Fire: Shortbow          ||    88
    Use: Scroll            ||     5
         Potion            ||     1
 Armour: Leather armour    ||     2
         Ring mail         ||    25
  Dodge: Dodged            ||    17

Table legend:
 A = Non-vault XP
 B = Vault XP
 C = Vault XP percentage of total XP
 D = Non-vault monster count
 E = Vault monster count
 F = Vault count percentage of total count
                 A         B        C        D         E       F
            +---------+---------+-------+---------+---------+-------
      Total |      71 |       0 |   0.0 |      31 |       0 |   0.0
            +---------+---------+-------+---------+---------+-------
        D:1 |      17 |       0 |   0.0 |       9 |       0 |   0.0
        D:2 |      45 |       0 |   0.0 |      19 |       0 |   0.0
        D:3 |       9 |       0 |   0.0 |       3 |       0 |   0.0
            +---------+---------+-------+---------+---------+-------
